 Seeded DCSS version 0.30-a0-883-g5ad918d77d (webtiles) character file.

Game seed: 15748772131455733785 (custom seed)

3121 Parcival the Protected (level 9, 0/64 (79) HPs)
             Began as a Minotaur Fighter on Mar 15, 2023.
             Was an Initiate of Ashenzari.
             Slain by a wight
             ... wielding a +0 halberd
              (4 damage)
             ... on level 7 of the Dungeon.
             The game lasted 00:10:43 (6347 turns).

Parcival the Protected (Minotaur Fighter)           Turns: 6347, Time: 00:10:44

HP:   0/64 (79)     AC: 16    Str: 30    XL:     9   Next: 60%
MP:   8/8           EV:  7    Int:  5    God:    Ashenzari [......]
Gold: 337           SH:  0    Dex: 11    Spells: 8/8 levels left

rFire   . . .      SeeInvis .    u - +2 flail (heavy)
rCold   . . .      Faith    .    p - +0 kite shield
rNeg    . . .      Spirit   .    e - +1 plate armour
rPois   +          Reflect  .    (helmet restricted)
rElec   .          Rampage  .    (no cloak)
rCorr   .                        w - +0 pair of gloves
Will    .....                    (no boots) Stlth
                                 (no amulet)
HPRegen 0.30/turn                j - +6 ring of strength
MPRegen 0.11/turn                o - ring of poison resistance

@: confused, mighty, heavily drained
A: horns 2, retaliatory headbutt
a: Renounce Religion, Curse Item


You were on level 7 of the Dungeon.
You worshipped Ashenzari.
Ashenzari was noncommittal.
You visited 1 branch of the dungeon, and saw 7 of its levels.

You collected 337 gold pieces.

Inventory:

Hand Weapons
 u - a +2 heavy flail (weapon)
Armour
 e - a +1 plate armour (worn)
 p - a +0 kite shield (worn)
 w - a +0 pair of gloves (worn)
Magical Staves
 l - a staff of earth
Jewellery
 j - a +6 ring of strength (left hand)
 o - a ring of poison resistance (right hand)
Wands
 k - a wand of flame (22)
 n - a wand of acid (9)
 s - a wand of polymorph (21)
 x - a wand of mindburst (20)
Scrolls
 g - a scroll of fog
 t - a scroll of blinking
 v - a scroll of fear
 y - 2 scrolls of teleportation
Potions
 a - a potion of heal wounds
 d - a potion of might
 h - 3 potions of mutation
 i - 2 potions of brilliance
 m - 2 potions of ambrosia
 q - 2 potions of resistance {unknown}
 z - a potion of flight {unknown}
 A - a potion of curing {unknown}
 B - a potion of berserk rage {unknown}


   Skills:
 + Level 7.0 Fighting
 + Level 8.7(9.6) Axes
 + Level 6.0(8.3) Maces & Flails
 + Level 8.9 Armour
 + Level 1.0 Dodging
 + Level 0.2 Stealth
 + Level 7.8 Shields


You had 8 spell levels left.
You didn't know any spells.
Your spell library contained the following spells:

 Spells                   Type           Power      Damage    Failure   Level
 Magic Dart               Conj           0%         1d3       100%        1
 Slow                     Hex            0%         N/A       100%        1
 Call Imp                 Summ           0%         N/A       100%        2
 Confusing Touch          Hex            0%         N/A       100%        3
 Ignite Poison            Fire/Tmut/Pois 0%         N/A       100%        3
 Kindle Blastsparks       Fire/Tloc/Air  0%         2d10      100%        3
 Mephitic Cloud           Conj/Pois/Air  0%         N/A       100%        3
 Vampiric Draining        Necr           0%         2d6       100%        3
 Freezing Cloud           Conj/Ice/Air   0%         6-21      100%        5
 Summon Forest            Summ/Tloc      0%         N/A       100%        5
 Summon Mana Viper        Hex/Summ       0%         N/A       100%        5
 Summon Cactus Giant      Summ           0%         N/A       100%        6


Dungeon Overview and Level Annotations

Branches:
Dungeon (7/15)             Temple (0/1) D:4

Altars:
Ashenzari
Cheibriados
Dithmenos
Elyvilon
Fedhas
Kikubaaqudgha
Makhleb
Okawaru
Ru
Sif Muna
Vehumet
Wu Jian
Xom
The Shining One


Innate Abilities, Weirdness & Mutations

You have a pair of horns on your head.
You reflexively headbutt those who attack you in melee.


Message History

The wight hits you from afar with a +2 spear.
You feel drained.
The orc wizard gestures at you while chanting.
You are more confused.
The wight hits you from afar with a +0 halberd.
The wight hits you but does no damage. x2
You bump into the rock wall.
The wight hits you but does no damage. The wight barely misses you.
Something hits you but does no damage.
The wight hits you from afar with a +2 spear.
You feel drained.
You're too confused to move!
The wight hits you but does no damage. The wight closely misses you.
The orc wizard casts a spell at you.
The magic dart hits something!
Something hits you.
The wight hits you from afar with a +2 spear.
You feel drained.
You bump into the rock wall.
The wight hits you with a +1 mace of freezing!
The wight freezes you.
The orc wizard points at you and mumbles some strange words.
The magic dart hits something.
The wight hits you but does no damage.
You hear some strange, mumbled words.
A magic dart appears from out of thin air!
The magic dart hits you but does no damage.
The wight hits you but does no damage.
You feel very mighty all of a sudden. The wight barely misses you.
The wight hits you from afar with a +0 halberd.
Something hits you but does no damage. The wight hits you but does no damage.
Something completely misses you. The wight attacks as you move away!
The wight hits you with a +1 mace of freezing.
* * * LOW HITPOINT WARNING * * *
You feel drained.
* * * LOW HITPOINT WARNING * * *
The wight freezes you.
* * * LOW HITPOINT WARNING * * *
The wight hits you with a +0 halberd!
* * * LOW HITPOINT WARNING * * *
You feel drained.
You die...

..# ..# #.
###..## #>
#..... #[
#.#z. #. #z#z#
#.####@#.##..#
#.#....z{ooo.#
#...######o..#
##(.# ...
#...# . #..##
#..# #..# #..#


You could see 2 wights, an orc wizard and 3 orcs.

Vanquished Creatures
  The ghost of Parcival the Conjurer, a novice HuCj of Sif Muna (D:6)
  Prince Ribbit (D:7)
  4 yaks (D:7)
  2 water moccasins (D:5)
  3 sky beasts
  4 ice beasts
  The ghost of deadpool521 the Trooper, an amateur MiFi (D:3)
  An ogre (D:5)
  2 phantoms (D:4)
  A kobold brigand (D:5)
  2 scorpions (D:5)
  A crimson imp (D:5)
  6 hounds
  2 orc priests (D:5)
  A sleepcap (D:5)
  3 iguanas
  Ijyb (D:3)
  Natasha (thrice) (D:3)
  An orc wizard (D:5)
  7 adders
  3 gnolls (D:2)
  A shadow imp (D:7)
  A white imp (D:6)
  2 ufetubi (D:6)
  2 worms (D:2)
  4 dart slugs
  11 orcs
  12 endoplasms
  4 giant cockroaches
  5 goblins
  7 hobgoblins
  11 jackals
  A quokka (D:2)
  8 ball pythons
  2 bats
  4 frilled lizards
  8 kobolds
  5 rats
138 creatures vanquished.

Vanquished Creatures (others)
  2 demonic plants (D:2)
2 creatures vanquished.

Grand Total: 140 creatures vanquished

Notes
Turn   | Place    | Note
-------+----------+-------------------------------------------
     0 | D:1      | Parcival the Minotaur Fighter began the quest for the Orb.
     0 | D:1      | Reached XP level 1. HP: 19/19 MP: 0/0
   226 | D:1      | Reached XP level 2. HP: 27/27 MP: 1/1
   983 | D:2      | Reached XP level 3. HP: 33/33 MP: 2/2
  1256 | D:2      | Reached XP level 4. HP: 40/40 MP: 3/3
  1957 | D:2      | Found a faded altar of an unknown god.
  2165 | D:3      | Noticed Ijyb
  2166 | D:3      | Noticed Natasha
  2177 | D:3      | Killed Ijyb
  2178 | D:3      | Reached XP level 5. HP: 46/46 MP: 4/4
  2182 | D:3      | Killed Natasha
  2183 | D:3      | Reached skill level 5 in Axes
  2294 | D:3      | Noticed Natasha
  2299 | D:3      | Killed Natasha
  2300 | D:3      | Reached skill level 5 in Armour
  2358 | D:3      | Found a runed translucent door.
  2473 | D:3      | Noticed Natasha
  2487 | D:3      | Killed Natasha
  2960 | D:3      | Noticed deadpool521's ghost (amateur MiFi)
  3071 | D:3      | Killed deadpool521's ghost
  3072 | D:3      | Reached XP level 6. HP: 37/53 MP: 5/5
  3453 | D:4      | Found a white marble altar of Elyvilon.
  3584 | D:4      | Found a staircase to the Ecumenical Temple.
  3842 | D:4      | Reached XP level 7. HP: 60/60 MP: 6/6
  3915 | D:5      | Entered Level 5 of the Dungeon
  3917 | D:5      | Found a blossoming altar of Fedhas.
  4025 | D:5      | Reached skill level 5 in Fighting
  4211 | D:5      | Reached skill level 5 in Shields
  4214 | D:5      | Reached XP level 8. HP: 52/69 MP: 7/7
  4365 | D:5      | Found a broken altar of Ashenzari.
  4378 | D:5      | Found a radiant altar of Vehumet.
  4430 | D:5      | Reached skill level 1 in Maces & Flails
  4588 | D:5      | Found an iron altar of Okawaru.
  4692 | D:5      | Found a shimmering altar of Xom.
  4692 | D:5      | Found a burning altar of Makhleb.
  5111 | D:5      | Became a worshipper of Ashenzari the Shackled
  5128 | D:6      | Noticed Parcival's ghost (novice HuCj)
  5128 | D:6      | Found a runed translucent door.
  5224 | D:6      | Found a sacrificial altar of Ru.
  5431 | D:6      | Found a shadowy altar of Dithmenos.
  5437 | D:6      | Found a glowing golden altar of the Shining One.
  5627 | D:6      | Found an ancient bone altar of Kikubaaqudgha.
  5629 | D:6      | Found a shimmering blue altar of Sif Muna.
  5633 | D:6      | Found a snail-covered altar of Cheibriados.
  5784 | D:6      | Killed Parcival's ghost
  5785 | D:6      | Reached XP level 9. HP: 54/78 MP: 8/8
  5939 | D:7      | Found an ornate altar of the Wu Jian Council.
  5976 | D:7      | Noticed Prince Ribbit
  5978 | D:7      | Killed Prince Ribbit
  6133 | D:7      | Reached skill level 5 in Maces & Flails
  6153 | D:7      | Reached skill level 1 in Dodging
  6347 | D:7      | Slain by a wight

Illustrated notes

Levels and vault maps discovered:
D:1:      dpeg_arrival_brainrot, layout_basic, hangedman_decor_growths,
          minmay_misc_feat_rugged, nicolae_titane
D:2:      minmay_recursive_quarters, layout_basic,
          dreamdust_ecumenical_altar_sealed_demon, serial_glass,
          glass_columns_c, glass_columns_a, hex_tiny
D:3:      layout_basic, ebering_ghost_reflecting_pool,
          minmay_misc_feat_four_crosses, uniq_ijyb, uniq_natasha
D:4:      layout_loops_ring, mainiacjoe_overflow_boulevard,
          minmay_temple_entry_stoned_glass
D:5:      minmay_octagon_keep, layout_rooms, lemuel_doored_altar,
          fiery_altar_vehumet, overflow_temple_1_default,
          mainiacjoe_overflow_24_doors, grunt_temple_overflow_champion_of_chaos,
          kennysheep_generic_room_9
D:6:      layout_rooms, minitemple, nicolae_ru_awakened_eye,
          hellmonk_ghost_happy_afterlife, chequers_decorated_corner,
          due_unseen_surprise
D:7:      minmay_spotlight, layout_loops_ring, nicolae_overflow_crystal_walls,
          enter_bailey_2, uniq_prince_ribbit1

Skill      XL: |  1  2  3  4  5  6  7  8  9 |
---------------+----------------------------+-----
Armour         | 4 5 6 8 |  8.9
Fighting       | 4 5 6 7 |  7.0
Shields        | 4 5 7 |  7.8
Axes           | 3 4 5 6 8 |  8.7
Maces & Flails | 3 6 |  6.0
Dodging        | 1 |  1.0
Stealth        | |  0.2

Action                     |  1- 3 |  4- 6 |  7- 9 || total
---------------------------+-------+-------+-------++-------
  Melee: Broad axe         |    72 |   105 |    33 ||   210
         War axe           |     6 |       |       ||     6
         Headbutt          |     7 |    17 |    18 ||    42
         Flail             |       |       |   104 ||   104
    Use: Scroll            |       |     9 |     2 ||    11
         Potion            |       |     3 |     2 ||     5
 Armour: Plate armour      |    56 |    87 |   135 ||   278
  Dodge: Dodged            |    36 |    49 |    56 ||   141
  Block: Buckler           |    28 |    21 |       ||    49
         Kite shield       |       |    15 |    94 ||   109

Table legend: (Time is in decaauts)
 A = Elapsed time spent in this place.
 B = Non-inter-level travel time spent in this place.
 C = Inter-level travel time spent in this place.
 D = Time resting spent in this place.
 E = Time spent auto-exploring this place.
 F = Levels seen in this place.
 G = Mean time per level.
                   A        B        C        D        E       F      G
               +--------+--------+--------+--------+--------+-----+--------+
         Total |   6537 |   6111 |    426 |    131 |   4584 |   7 |  933.9 |
       Dungeon |   6537 |   6111 |    426 |    131 |   4584 |   7 |  933.9 |
               +--------+--------+--------+--------+--------+-----+--------+

Top non-repeatable levels by time:
     D:3: 1271 daAuts
     D:5: 1255 daAuts
     D:2: 1060 daAuts
     D:1: 975 daAuts
     D:6: 827 daAuts
     D:4: 706 daAuts
     D:7: 440 daAuts
